 Dungeon Crawl Stone Soup version 0.28.0-53-g5a82cb258f (webtiles) character file.

Game seed: 11166784225487345952

115 Tirrikindir the Ducker (level 5, -4/36 HPs)
             Began as an Octopode Fighter on Aug 10, 2022.
             Was a Believer of Wu Jian.
             Slain by an orc
             ... wielding a +0 dagger
              (5 damage)
             ... on level 3 of the Dungeon.
             The game lasted 00:04:07 (2175 turns).

Tirrikindir the Ducker (Octopode Fighter)           Turns: 2175, Time: 00:04:08

Health: -4/36      AC:  1    Str: 15    XL:     5   Next: 0%
Magic:  0/5        EV: 13    Int: 11    God:    Wu Jian [**....]
Gold:   115        SH:  5    Dex: 13    Spells: 4/4 levels left

rFire   . . .      SeeInvis .   a - +0 long sword
rCold   . . .      Faith    .   b - +0 buckler
rNeg    . . .      Spirit   +   (helmet restricted)
rPois   .          Reflect  .   f - amulet of guardian spirit
rElec   .          Harm     .   (no ring)
rCorr   .          Rampage  .   (no ring)
Will    .....                   (no ring)
Stlth   +++.......              (no ring)
HPRegen 0.12/turn               (no ring)
MPRegen 0.09/turn               (no ring)
                                (no ring)
                                (no ring)

@: mighty
A: almost no armour, amphibious, 8 rings, camouflage 1, gelatinous body 1,
(nimble swimmer 1), tentacles
a: Renounce Religion, Wall Jump


You were on level 3 of the Dungeon.
You worshipped Wu Jian.
Wu Jian was pleased with you.
You visited 1 branch of the dungeon, and saw 3 of its levels.

You collected 115 gold pieces.

Inventory:

Hand Weapons
 a - a +0 long sword (weapon)
Armour
 b - a +0 buckler (worn)
Jewellery
 f - an amulet of guardian spirit (around mantle)
Scrolls
 d - a scroll of magic mapping
 h - a scroll of noise {unknown}
 i - a scroll of torment {unknown}
 j - a scroll of identify {unknown}


   Skills:
 + Level 3.5 Fighting
 * Level 3.2 Long Blades
 + Level 3.5 Dodging
 + Level 2.3 Stealth
 + Level 3.5 Shields


You had 4 spell levels left.
You didn't know any spells.
Your spell library was empty.

Dungeon Overview and Level Annotations

Branches:
Dungeon (3/15)

Altars:
Wu Jian


Innate Abilities, Weirdness & Mutations

You cannot wear most types of armour.
You are amphibious.
You can wear up to eight rings at the same time.
Your skin changes colour to match your surroundings (Stealth+).
Your rubbery body absorbs attacks. (AC +1, EV +1)
((You are camouflaged when in or above water. (Stealth+)))
You have tentacles for arms and can constrict up to eight enemies at once.


Message History

You hit the orc but do no damage. Your grab misses the orc.
The orc hits you with a +0 morningstar!
You hit the orc but do no damage. Your grab misses the orc.
The orc hits you with a +0 morningstar. The orc barely misses you.
You barely miss the orc. Your grab misses the orc. The orc barely misses you.
The orc hits you with a +0 dagger.
You spin and attack the orc.
You hit the orc.
You tentacle-slap the orc, but do no damage.
The orc is severely wounded.
You spin and attack the orc.
You barely miss the orc. The orc hits you with a +0 morningstar!
The orc hits you with a +0 dagger.
You spin and attack the orc.
You hit the orc. You grab the orc. You squeeze the orc, but do no damage.
The orc is heavily wounded.
You constrict the orc. The orc barely misses you.
You release your grip on the orc.
The orc throws a boomerang.
The boomerang hits you.
* * * LOW HITPOINT WARNING * * *
You open the door. You block the orc's attack.
You spin and attack the orc.
You hit the orc. You grab the orc.
The orc is almost dead.
You constrict the orc, but do no damage.
The orc hits you with a +0 dagger.
* * * LOW HITPOINT WARNING * * *
There is an open door here.
You release your grip on the orc.
You hit the orc.
You kill the orc!
The Council accepts your kill.
You have reached level 5!
You feel clever.
You feel very mighty all of a sudden. The orc closely misses you.
You slash the orc!
You kill the orc!
The Council accepts your kill. The orc hits you with a +0 dagger.
* * * LOW HITPOINT WARNING * * *
The orc hits you with a +0 dagger.
You die...

############++++####
...........#o...#..o
...........o@...+
...........#)...#o..
####################


You could see 4 orcs.

Vanquished Creatures
  A gnoll (D:1)
  5 adders (D:2)
  A worm (D:2)
  2 dart slugs
  2 orcs (D:3)
  6 endoplasms
  3 giant cockroaches
  3 goblins
  9 hobgoblins
  3 kobolds
  2 ball pythons
  6 bats
  3 frilled lizards (D:1)
  8 rats
  A spectral goblin (D:1)
55 creatures vanquished.

Notes
Turn   | Place    | Note
-------+----------+-------------------------------------------
     0 | D:1      | Tirrikindir the Octopode Fighter began the quest for the
                  | Orb.
     0 | D:1      | Reached XP level 1. HP: 16/16 MP: 1/1
    33 | D:1      | Reached skill level 1 in Stealth
    33 | D:1      | Reached XP level 2. HP: 7/21 MP: 2/2
   399 | D:1      | Reached XP level 3. HP: 10/26 MP: 3/3
   736 | D:1      | Found a faded altar of an unknown god.
   745 | D:1      | Prayed at the altar of an unknown god.
   745 | D:1      | Became a worshipper of the Wu Jian Council
   745 | D:1      | Reached * piety under Wu Jian
  1536 | D:2      | Reached XP level 4. HP: 31/31 MP: 4/4
  1801 | D:2      | Reached ** piety under Wu Jian
  2034 | D:2      | HP: 1/31 [poisoned by an adder]
  2174 | D:3      | Reached XP level 5. HP: 4/36 MP: 1/5
  2175 | D:3      | HP: 1/36 [orc/+0 dagger (3)]
  2175 | D:3      | Slain by an orc

Illustrated notes

Levels and vault maps discovered:
D:1:      dpeg_arrival_line_fractal, layout_rooms,
          dreamdust_ecumenical_altar_drowned_temple, serial_rivers,
          chequers_serial_rivers_micro_b, chequers_serial_rivers_large_a,
          chequers_serial_rivers_micro_a, chequers_serial_rivers_micro_e,
          chequers_serial_rivers_small_b, chequers_serial_rivers_large_b,
          minmay_misc_feat_encased
D:2:      layout_basic
D:3:      lemuel_castle_with_subvaults [lemuel_castle_interior_carwin_1],
          layout_basic, glass_columns_b

Skill      XL: |  1  2  3  4 |
---------------+-------------+-----
Stealth        | 1 2 |  2.3
Long Blades    | 3 |  3.2
Fighting       | |  3.5
Dodging        | |  3.5
Shields        | |  3.5

Action                   |  1- 3 |  4- 6 || total
-------------------------+-------+-------++-------
Melee: Long sword        |    60 |    50 ||   110
       Constrict         |    11 |    12 ||    23
       Tentacles         |     6 |     9 ||    15
       Punch             |       |     1 ||     1
Invok: Lunge             |     3 |     6 ||     9
       Whirlwind         |     1 |     5 ||     6
  Use: Scroll            |     1 |       ||     1
       Potion            |       |     3 ||     3
 Stab: Sleeping          |     4 |     6 ||    10
Armor: Skin              |     3 |    12 ||    15
Dodge: Dodged            |    26 |    24 ||    50
Block: Buckler           |    11 |     7 ||    18
